 Dungeon Crawl Stone Soup version 0.27-a0-1140-g099f9bb0e8 (webtiles) character file.

Game seed: 5939650527284046639

421 Froggeryz the Insei (level 6, -5/38 HPs)
             Began as an Octopode Transmuter on May 10, 2021.
             Slain by a sky beast (6 damage)
             ... on level 4 of the Dungeon.
             The game lasted 00:05:13 (4940 turns).

Froggeryz the Insei (Octopode Transmuter)           Turns: 4940, Time: 00:05:15

Health: -5/38      AC:  1    Str: 10    XL:     6   Next: 94%
Magic:  9/9        EV: 13    Int: 17    God:
Gold:   215        SH:  0    Dex: 12    Spells: 8/9 levels left

rFire    . . .     SeeInvis .     - Unarmed
rCold    . . .     Faith    .   (no shield)
rNeg     . . .     Spirit   .   (helmet restricted)
rPois    .         Reflect  .   (no amulet)
rElec    .         Harm     .   (no ring)
rCorr    .         Rampage  .   (no ring)
Will     .....                  (no ring)
Stlth    ++........             (no ring)
HPRegen  0.12/turn              (no ring)
MPRegen  0.11/turn              (no ring)
                                (no ring)
                                (no ring)

@: no status effects
A: almost no armour, amphibious, 8 rings, camouflage 1, gelatinous body 1,
(nimble swimmer 1), tentacles
a: no special abilities


You were on level 4 of the Dungeon.
You visited 1 branch of the dungeon, and saw 4 of its levels.
You also visited: Sewer.

You collected 215 gold pieces.

Inventory:

Missiles
 c - 3 curare-tipped darts
Scrolls
 a - 3 scrolls of amnesia {unknown}
 b - a scroll of magic mapping
 d - 6 scrolls of teleportation
 h - 2 scrolls of blinking
 i - 3 scrolls of identify
 j - 2 scrolls of noise {unknown}
Potions
 e - a potion of lignification
 f - a potion of degeneration
 g - 4 potions of flight
 k - a potion of brilliance
 l - 2 potions of invisibility {unknown}


   Skills:
 - Level 1.0 Fighting
 - Level 2.0 Dodging
 * Level 7.6 Unarmed Combat
 - Level 2.0 Spellcasting
 - Level 2.0 Transmutations


You had 8 spell levels left.
You knew the following spells:

 Your Spells              Type           Power      Damage    Failure   Level
a - Beastly Appendage     Tmut           16%        N/A       9%          1

Your spell library contained the following spells:

 Spells                   Type           Power      Damage    Failure   Level
 Wereblood                Tmut           8%         N/A       13%         2
 Spider Form              Tmut/Pois      2%         N/A       36%         3
 Ice Form                 Ice/Tmut       5%         N/A       77%         4
 Hydra Form               Tmut           4%         N/A       93%         5


Dungeon Overview and Level Annotations

Branches:
Dungeon (4/15)              Sewer (visited)
 Temple: D:4-7

Altars:

Annotations:
D:4 2 runed translucent doors


Innate Abilities, Weirdness & Mutations

You cannot wear most types of armour.
You are amphibious.
You can wear up to eight rings at the same time.
Your skin changes colour to match your surroundings (Stealth+).
Your rubbery body absorbs attacks. (AC +1, EV +1)
((You are camouflaged near water. (Stealth+)))
You have tentacles for arms and can constrict up to eight enemies at once.


Message History

You miss something.
You pierce something.
Something hits you. Something shocks you.
You miss something.
You pierce something.
Your squeeze misses something. Something hits you.
* * * LOW HITPOINT WARNING * * *
Something shocks you.
* * * LOW HITPOINT WARNING * * *
Your transformation is almost over.
Your tentacle spike disappears.
A sky beast appears from thin air!
Reactivating autopickup.
Okay, then.
The sky beast flickers out of sight!
Deactivating autopickup; reactivate with Ctrl-A.
A sky beast appears from thin air!
Reactivating autopickup.
The sky beast flickers out of sight!
Deactivating autopickup; reactivate with Ctrl-A.
A sky beast appears from thin air!
Reactivating autopickup.
The sky beast flickers out of sight!
Deactivating autopickup; reactivate with Ctrl-A.
A sky beast appears from thin air!
Reactivating autopickup.
The sky beast flickers out of sight!
Deactivating autopickup; reactivate with Ctrl-A.
The bullfrog zombie hits you.
* * * LOW HITPOINT WARNING * * *
You tentacle-slap the bullfrog zombie. Your grab misses the bullfrog zombie.
The bullfrog zombie is lightly damaged.
The bullfrog zombie hits you.
* * * LOW HITPOINT WARNING * * *
The bullfrog zombie closely misses you.
You barely miss the bullfrog zombie. You grab the bullfrog zombie.
You squeeze the bullfrog zombie.
The bullfrog zombie is lightly damaged.
You constrict the bullfrog zombie. Something hits you.
* * * LOW HITPOINT WARNING * * *
Something shocks you.
You die...

#.#####.#.##### #..........
......#.......# ####....###
#.###.###.###.# # #....# #
....>.........##.# ..
#....# # .###..######.....#
... #....# # .# # .#
#.##### .... #....# # .# #
#.## ..... #....+ . .#
######..####.......#....###
.#
.......$..@Z...............
.#
#######..#######+######.##.
.. ##.# #.# #.##. .# #.#
#.# #.##. .#
#.#######.######.##. .#
#....†.............. ..
##..#####.########.. #..#
##.#########. ##.##
#.........##.


You could see a bullfrog zombie.

Vanquished Creatures
  A necrophage (D:2)
  A water moccasin zombie (D:3)
  A jelly (D:3)
  2 orc wizards (D:3)
  5 adders
  An adder skeleton (D:4)
  5 worms
  4 dart slugs
  6 orcs
  7 endoplasms
  6 giant cockroaches
  6 goblins
  6 hobgoblins
  12 jackals
  9 quokkas
  13 ball pythons
  17 bats
  2 frilled lizards
  3 kobolds
  5 rats
112 creatures vanquished.

Notes
Turn   | Place    | Note
-------+----------+-------------------------------------------
     0 | D:1      | Froggeryz the Octopode Transmuter began the quest for the
                  | Orb.
     0 | D:1      | Reached XP level 1. HP: 13/13 MP: 3/3
   133 | D:1      | Reached XP level 2. HP: 17/18 MP: 5/5
   581 | D:1      | Reached skill level 4 in Unarmed Combat
   731 | D:1      | Reached XP level 3. HP: 23/23 MP: 6/6
  1340 | D:2      | Noticed a necrophage
  1670 | D:2      | Killed a necrophage
  1671 | D:2      | Reached skill level 5 in Unarmed Combat
  1671 | D:2      | Reached XP level 4. HP: 28/28 MP: 7/7
  1671 | D:2      | Reached XP level 5. HP: 33/33 MP: 8/8
  2390 | D:3      | Reached skill level 6 in Unarmed Combat
  2682 | D:3      | Reached XP level 6. HP: 17/38 MP: 7/9
  3211 | D:3      | Reached skill level 7 in Unarmed Combat
  4128 | D:4      | Found a large runed translucent door.
  4129 | D:4      | Found a large runed translucent door.
  4244 | D:4      | Found a glowing drain.
  4255 | Sewer    | Entered a sewer
  4886 | D:4      | Noticed a sky beast
  4940 | D:4      | HP: 1/38 [something (1)]
  4940 | D:4      | Slain by a sky beast

Illustrated notes

Levels and vault maps discovered:
D:1:      dpeg_arrival_simpleton_b, layout_basic
D:2:      layout_basic, nrook_mini_vaults
D:3:      kb_forest_paths, layout_rooms, roderic_serpentine_path,
          minmay_divided_ellipse
D:4:      layout_basic, jmf_multi_god_temple2, cheibrodos_sewer_entry_bend

Skill      XL: |  1  2  3  4  5  6 |
---------------+-------------------+-----
Unarmed Combat | 4 5 6 7 |  7.6
Fighting       | |  1.0
Dodging        | |  2.0
Spellcasting   | |  2.0
Transmutations | |  2.0

Action                   |  1- 3 |  4- 6 || total
-------------------------+-------+-------++-------
Melee: Unarmed           |    82 |   180 ||   262
       Constrict         |    17 |    46 ||    63
       Tentacles         |    10 |    31 ||    41
       Punch             |     4 |     7 ||    11
       Kick              |       |    13 ||    13
 Cast: Beastly Appendage |       |     5 ||     5
  Use: Scroll            |     4 |     2 ||     6
       Potion            |     2 |     1 ||     3
 Stab: Sleeping          |     4 |    14 ||    18
       Distracted        |       |     1 ||     1
Armor: Skin              |    14 |    18 ||    32
Dodge: Dodged            |    41 |    99 ||   140

Table legend: (Time is in decaauts)
 A = Elapsed time spent in this place.
 B = Non-inter-level travel time spent in this place.
 C = Inter-level travel time spent in this place.
 D = Time resting spent in this place.
 E = Time spent auto-exploring this place.
 F = Levels seen in this place.
 G = Mean time per level.
                   A        B        C        D        E       F      G
               +--------+--------+--------+--------+--------+-----+--------+
         Total |   4913 |   4810 |    103 |    837 |   3222 |   5 |  982.6 |
       Dungeon |   4315 |   4212 |    103 |    704 |   2884 |   4 | 1078.8 |
         Sewer |    597 |    597 |      0 |    133 |    338 |   1 |  597.0 |
               +--------+--------+--------+--------+--------+-----+--------+

Top non-repeatable levels by time:
     D:3: 1392 daAuts
     D:2: 1347 daAuts
     D:1: 1216 daAuts
   Sewer: 597 daAuts
     D:4: 359 daAuts
